 Dungeon Crawl Stone Soup version 0.23-a0-650-ga4d50d4 (webtiles) character file.

1474 tilp the Frost Mage (level 8, -1/63 HPs)
             Began as a Merfolk Ice Elementalist on Jan 4, 2019.
             Was an Initiate of Makhleb.
             Slain by a two-headed ogre
             ... wielding a +0 giant spiked club
              (17 damage)
             ... on level 6 of the Dungeon.
             The game lasted 00:24:54 (6433 turns).

tilp the Frost Mage (Merfolk Ice Elementalist)      Turns: 6433, Time: 00:24:55

Health: -1/63      AC: 10    Str:  8    XL:     8   Next: 78%
Magic:  7/14       EV: 15    Int: 17    God:    Makhleb [......]
Gold:   356        SH:  0    Dex: 14    Spells: 9/15 levels left

rFire    . . .     SeeInvis .   s - +2 war axe (chop)
rCold    . . .     Gourm    .   (no shield)
rNeg     + . .     Faith    .   d - +1 robe {rN+}
rPois    .         Spirit   .   (no helmet)
rElec    .         Reflect  .   (no cloak)
rCorr    .         Harm     .   (no gloves)
MR       .....                  l - +0 pair of boots
Stlth    ++........             o - amulet of regeneration
HPRegen  0.60/turn              (no ring)
MPRegen  0.14/turn              (no ring)

@: icy armour
A: change form in water, swift swim, stealthy swim
a: Renounce Religion


You were on level 6 of the Dungeon.
You worshipped Makhleb.
Makhleb was noncommittal.
You were hungry.

You visited 2 branches of the dungeon, and saw 8 of its levels.
You also visited: Ossuary.

You collected 356 gold pieces.

Inventory:

Hand Weapons
 a - a +0 dagger
 s - a +2 war axe of chopping (weapon)
 v - a +0 spear
 y - a +0 trident
Missiles
 g - 3 silver tomahawks
 k - 7 javelins (quivered)
 t - 7 tomahawks
 x - 3 poisoned tomahawks
Armour
 d - a +1 robe of positive energy (worn)
 l - a +0 pair of boots (worn)
Jewellery
 i - a +4 ring of strength {unknown}
 o - an amulet of regeneration (around neck)
Wands
 D - a wand of acid (5)
Scrolls
 b - 4 scrolls of identify
 h - 4 scrolls of remove curse
 j - 4 scrolls of amnesia {unknown}
 p - a scroll of enchant armour {unknown}
 q - a scroll of enchant weapon {unknown}
 C - a scroll of fog {unknown}
Potions
 e - a potion of might
 f - 2 potions of resistance
 m - a potion of invisibility
 n - a potion of ambrosia
 r - a potion of lignification
 u - a potion of brilliance
 w - 2 potions of mutation
 z - 3 potions of curing
 A - a potion of haste
Comestibles
 c - 16 rations


   Skills:
 + Level 5.6 Fighting
 - Level 6.0 Dodging
 - Level 2.1 Stealth
 - Level 4.0 Spellcasting
 - Level 0.7 Conjurations
 - Level 8.3 Ice Magic
 + Level 1.3 Evocations


You had 9 spell levels left.
You knew the following spells:

 Your Spells              Type           Power        Failure   Level  Hunger
a - Freeze                Ice            ####         1%          1    None
b - Throw Frost           Conj/Ice       ###...       3%          2    ##.....
c - Ozocubu's Armour      Chrm/Ice       ###.....     9%          3    ###....

Your spell library contained the following spells:

 Spells                   Type           Power        Failure   Level  Hunger
 Throw Icicle             Conj/Ice       ###.....     24%         4    ####...
 Summon Ice Beast         Ice/Summ       ###.....     28%         4    ####...


Dungeon Overview and Level Annotations

Branches:
Dungeon (7/15)             Temple (1/1) D:6

Altars:
Ashenzari
Cheibriados
Dithmenos
Elyvilon
Fedhas
Hepliaklqana
Makhleb
Nemelex Xobeh
Okawaru
Qazlal
Ru
Trog
Uskayaw
Vehumet
Wu Jian
Xom
Yredelemnul
Zin
The Shining One

Shops:
D:4 *

Annotations:
D:4 Sigmund
D:6 Eustachio


Message History

Confirm with . or Enter, or press ? or * to list all spells.
Aiming: Freeze (safe; 1% risk of failure)
Press: ? - help, Shift-Dir - straight line, f/p - two-headed ogre
Aim: a two-headed ogre, wielding a +0 giant spiked club and a +0 giant club You freeze the two-headed ogre.
The two-headed ogre is almost dead.
The two-headed ogre barely misses you.
The two-headed ogre completely misses you.
The crimson imp closely misses you.
Casting: Freeze (safe; 1% risk of failure)
Confirm with . or Enter, or press ? or * to list all spells.
Aiming: Freeze (safe; 1% risk of failure)
Press: ? - help, Shift-Dir - straight line, f/p - two-headed ogre
Aim: a two-headed ogre, wielding a +0 giant spiked club and a +0 giant club You freeze the two-headed ogre.
The two-headed ogre is almost dead.
The crimson imp barely misses you.
The two-headed ogre hits you with a +0 giant spiked club!
The two-headed ogre hits you with a +0 giant club!
You die...

##.########.....#.°.°.........○.#
@....# #.....#..○............#
##.#.# #.....#...............#
#.#.# #.....#...............# #.#
# #r....#○○.............# ..#
#@r...#............°..# .$#
#.###########8.8###### #.#
#r######.####..## #.#
#5r@5O@5......## ###############


You could see a two-headed ogre, Eustachio, an iron imp, a crimson imp, a river
rat, a white imp and a quokka.

Vanquished Creatures
  A hippogriff (D:7)
  A spriggan (D:7)
  Menkaure (Ossuary)
  An ogre (D:5)
  2 phantoms
  2 scorpions (D:5)
  A hound (D:5)
  A crimson imp (D:6)
  2 orc priests
  A jelly (D:6)
  2 iguanas
  5 orc wizards
  A bullfrog skeleton (D:5)
  2 worker ants
  2 hound zombies
  3 mummies (Ossuary)
  A hound skeleton (D:4)
  7 adders
  4 worms
  3 dart slugs
  3 leopard geckos
  18 orcs
  A ball python (D:3)
  7 bats
  7 giant cockroaches
  7 gnoll zombies (Ossuary)
  2 goblins (D:3)
  2 hobgoblins (D:3)
  4 jackals
  2 quokkas
  A frilled lizard (D:4)
  3 gnoll skeletons (Ossuary)
  4 goblin skeletons (Ossuary)
  3 hobgoblin skeletons (Ossuary)
  5 hobgoblin zombies (Ossuary)
  A jackal zombie (D:7)
  3 kobolds
  4 kobold skeletons (Ossuary)
  6 kobold zombies (Ossuary)
  A leopard gecko skeleton (D:4)
  4 orc skeletons (Ossuary)
  5 orc zombies (Ossuary)
  6 rats
  4 rat skeletons (Ossuary)
  2 rat zombies (Ossuary)
148 creatures vanquished.

Vanquished Creatures (others)
  A goblin skeleton (Ossuary)
  A hobgoblin skeleton (Ossuary)
  A rat skeleton (Ossuary)
3 creatures vanquished.

Grand Total: 151 creatures vanquished

Notes
Turn   | Place    | Note
-------+----------+-------------------------------------------
     0 | D:1      | tilp the Merfolk Ice Elementalist began the quest for the
                  | Orb.
     0 | D:1      | Reached XP level 1. HP: 13/13 MP: 3/3
   564 | D:1      | Reached XP level 2. HP: 19/19 MP: 3/5
   657 | D:1      | Reached skill level 4 in Ice Magic
  1369 | D:2      | Found a shattered altar of Ashenzari.
  1529 | D:2      | Reached XP level 3. HP: 23/24 MP: 2/6
  1533 | D:2      | Learned a level 2 spell: Throw Frost
  1537 | D:2      | Learned a level 3 spell: Ozocubu's Armour
  1598 | D:2      | Found a shimmering altar of Xom.
  1965 | D:2      | Reached skill level 5 in Ice Magic
  1965 | D:2      | Reached XP level 4. HP: 13/30 MP: 2/7
  2155 | D:2      | Reached skill level 6 in Ice Magic
  2155 | D:2      | Reached XP level 5. HP: 34/35 MP: 4/8
  2547 | D:3      | Found a stormy altar of Qazlal.
  2818 | D:3      | Reached skill level 1 in Fighting
  3146 | D:4      | Found Fefoipliut's General Store.
  3148 | D:4      | Noticed Sigmund
  3211 | D:4      | Reached XP level 6. HP: 44/44 MP: 5/9
  3884 | D:5      | Entered Level 5 of the Dungeon
  4055 | D:5      | Reached XP level 7. HP: 46/50 MP: 6/13
  4079 | D:5      | You fall through a shaft!
  4261 | D:6      | Noticed a two-headed ogre
  4350 | D:7      | Reached skill level 7 in Ice Magic
  4489 | D:7      | Noticed a hippogriff
  4502 | D:7      | Killed a hippogriff
  4502 | D:7      | Reached skill level 8 in Ice Magic
  4502 | D:7      | Reached XP level 8. HP: 29/56 MP: 5/14
  4589 | D:7      | Noticed a spriggan baker
  4595 | D:7      | Killed a spriggan baker
  4595 | D:7      | Reached skill level 5 in Dodging
  4735 | D:6      | Found a sand-covered staircase.
  4745 | Ossuary  | Entered an ossuary
  5001 | Ossuary  | Noticed Menkaure
  5024 | Ossuary  | Killed Menkaure
  5247 | D:5      | Reached skill level 5 in Fighting
  5598 | D:5      | Found a glowing golden altar of the Shining One.
  5780 | D:6      | Noticed Eustachio
  6137 | D:6      | Reached skill level 1 in Evocations
  6190 | D:6      | Found a staircase to the Ecumenical Temple.
  6199 | Temple   | Entered the Ecumenical Temple
  6294 | Temple   | Became a worshipper of Makhleb the Destroyer
  6433 | D:6      | Slain by a two-headed ogre

Vault maps used:
D:1:      elethiomel_arrival_quiet, minmay_unequal
D:2:      cheibrodos_pilgrimage, xom_teletrap_fun, evilmike_ruin_ashenzari
D:3:      nicolae_overflow_crystal_walls, first_ration
D:4:      wander_river, serial_shops, shop_fountains, minmay_misc_feat_x,
          uniq_sigmund
D:5:      nicolae_tso_swordbearing_angel, gup_sewer_entry_glass, chequers_jeans
D:6:      lemuel_temple_firewalk_a, enter_ossuary_1, uniq_eustachio
D:7:      the_bakery, elyvilon_altar_3
Temple:   lightli_temple_of_artemis
Ossuary:  ossuary_due_pyramid

Skill      XL: |  1  2  3  4  5  6  7  8 |
---------------+-------------------------+-----
Ice Magic      | 4 5 6 8 |  8.3
Dodging        | 4 6 |  6.0
Fighting       | 2 5 |  5.6
Spellcasting   | 4 |  4.0
Evocations     | 1 |  1.3
Stealth        | |  2.1
Conjurations   | |  0.7

Action                   |  1- 3 |  4- 6 |  7- 9 || total
-------------------------+-------+-------+-------++-------
Melee: Unarmed           |     1 |       |       ||     1
       Dagger            |       |    58 |    29 ||    87
       War axe           |       |       |   172 ||   172
Throw: Javelin           |       |     5 |       ||     5
 Cast: Freeze            |    41 |    75 |    54 ||   170
       Ozocubu's Armour  |       |     2 |     8 ||    10
Evoke: Wand              |       |       |     2 ||     2
  Use: Scroll            |       |     9 |     6 ||    15
       Potion            |       |       |     1 ||     1
 Stab: Sleeping          |       |     6 |     5 ||    11
       Distracted        |       |       |     1 ||     1
  Eat: Chunk             |     2 |     6 |     5 ||    13
       Ration            |     1 |       |     1 ||     2
Armor: Robe              |     8 |    29 |    44 ||    81
       Skin              |       |       |     9 ||     9
Dodge: Dodged            |    22 |    68 |   177 ||   267

Table legend:
 A = Non-vault XP
 B = Vault XP
 C = Vault XP percentage of total XP
 D = Non-vault monster count
 E = Vault monster count
 F = Vault count percentage of total count
                 A         B        C        D         E       F
            +---------+---------+-------+---------+---------+-------
      Total |    1482 |     624 |  29.6 |      86 |      58 |  40.3
            +---------+---------+-------+---------+---------+-------
        D:1 |      25 |       4 |  13.8 |      11 |       3 |  21.4
        D:2 |      22 |     128 |  85.3 |       5 |       5 |  50.0
        D:3 |      60 |       0 |   0.0 |      22 |       0 |   0.0
        D:4 |     185 |       0 |   0.0 |      13 |       0 |   0.0
        D:5 |     411 |      15 |   3.5 |      13 |       2 |  13.3
        D:6 |     363 |       0 |   0.0 |      16 |       0 |   0.0
        D:7 |     416 |     205 |  33.0 |       6 |       1 |  14.3
    Ossuary |       0 |     272 | 100.0 |       0 |      47 | 100.0
            +---------+---------+-------+---------+---------+-------
